AoeStats
← ThePotatoSack

Arena

508359425Analyzed
2v2 RM · 11d ago on Sep 22, 2026· 50m 55s· 4 players
Game mode
Random Map
Map size
Medium (4 player)
Population
200
Speed
Normal
Resources
Standard
Victory
Conquest
Starting age
Dark Age
Ending age
Imperial Age
RankedLock teamsTeams togetherTeam positionsShared explorationLock speedFull tech treeHidden civsTurbo modeCheats
Victory
Defeat
🇺🇸 Inca · United States
856
+14
🇺🇸 Huns · United States
833
+15
🇦🇷 Franks · Argentina
833
-15
🇨🇱 Cumans · Chile
807
-14
ThePotatoSack
12:20 Feudal Age
16:18 Castle Age
14:08 Loom
15:56 Wheelbarrow
15:35 Horse Collar
27:23 Double-Bit Axe
28:53 Heavy Plow
29:15 Bow Saw
32:51 Hand Cart
32:41 Gold Mining
32:51 Stone Mining
34:21 Gold Shaft Mining
34:13 Caravan
34:43 Coinage
35:00 Scale Barding Armor
35:06 Forging
35:50 Husbandry
36:01 Bloodlines
42:23 Imperial Age
39:44 Town Watch
40:32 Chain Barding Armor
40:48 Iron Casting
41:13 Marauders
42:51 Cavalier
45:32 Paladin
Lord Farquaad
10:51 Feudal Age
10:53 Champi Runner
11:48 Double-Bit Axe
11:48 Horse Collar
20:00 Castle Age
18:33 Stone Mining
19:31 Forging
20:40 Champi Warrior
22:10 Bow Saw
22:03 Heavy Plow
22:46 Stone Shaft Mining
22:39 Squires
22:26 Arson
25:24 Iron Casting
24:49 Scale Mail Armor
25:34 Gold Mining
26:59 Wheelbarrow
28:40 Caravan
29:04 Ballistics
28:42 Fletching
31:24 Chain Mail Armor
39:47 Imperial Age
39:34 Bodkin Arrow
39:40 Padded Archer Armor
40:53 Gold Shaft Mining
39:53 Capped Ram
41:12 Siege Ram
43:12 Elite Champi Warrior
44:07 Elite Kamayuk
51:03 Blast Furnace
50:34 Plate Mail Armor
50:04 Bracer
50:20 Leather Archer Armor
Limo3616
10:18 Feudal Age
10:13 Loom
23:58 Castle Age
22:08 Double-Bit Axe
26:46 Wheelbarrow
25:59 Horse Collar
29:27 Forging
29:51 Scale Barding Armor
29:59 Bloodlines
33:38 Gold Mining
33:38 Stone Mining
36:36 Wheelbarrow
36:38 Chain Barding Armor
40:15 Imperial Age
39:11 Ballistics
38:48 Murder Holes
39:16 Masonry
39:55 Iron Casting
41:23 Steppe Husbandry
43:45 Elite Steppe Lancer
Facundo✔♫
9:59 Feudal Age
10:49 Man-at-Arms
14:36 Arson
25:08 Castle Age
25:23 Double-Bit Axe
29:04 Wheelbarrow
30:28 Bow Saw
32:45 Husbandry
35:24 Scale Barding Armor
37:47 Hand Cart
38:41 Gold Mining
Connection lost

Rejoining the realm…

Still unreachable

The connection could not be restored.

Session expired

The server has moved on; the page needs a fresh start.